 Dungeon Crawl Stone Soup version 0.29.0-4-gdea44cf6ec (webtiles) character file.

Game seed: 15141260822303799581

18 qw the Sneak (level 2, -3/19 HPs)
             Began as a Gargoyle Delver on Sept 10, 2022.
             Slain by a worm (10 damage)
             ... on level 2 of the Dungeon.
             The game lasted 00:00:07 (175 turns).

qw the Sneak (Gargoyle Delver)                       Turns: 175, Time: 00:00:07

Health: -3/19      AC:  5    Str: 15    XL:     2   Next: 70%
Magic:  2/2        EV: 11    Int: 10    God:
Gold:   18         SH:  0    Dex: 11    Spells: 1/1 levels left

rFire   . . .      SeeInvis .   a - +0 hand axe
rCold   . . .      Faith    .   (no shield)
rNeg    + . .      Spirit   .   b - +0 leather armour
rPois   inf        Reflect  .   (no helmet)
rElec   +          Harm     .   (no cloak)
rCorr   .          Rampage  .   (no gloves)
Will    .....                   (no boots)
Stlth   +++.......              (no amulet)
HPRegen 0.06/turn               (no ring)
MPRegen 0.08/turn               (no ring)

@: no status effects
A: sickness immunity, AC +2, negative energy resistance 1, electricity
resistance, torment resistance 1, petrification resistance
a: no special abilities


You were on level 2 of the Dungeon.
You visited 1 branch of the dungeon, and saw 4 of its levels.

You collected 18 gold pieces.


Innate Abilities, Weirdness & Mutations

You are immune to sickness and miasma.
Your stone body is resilient. (AC +2)
You are immune to poison.
You resist negative energy. (rN+)
You are resistant to electric shocks. (rElec)
You are resistant to unholy torment.
You are immune to petrification.


   Skills:
 - Level 3.2 Fighting
 + Level 2.9 Axes
 - Level 1.5 Dodging
 - Level 5.4 Stealth


You had one spell level left.
You didn't know any spells.
Your spell library was empty.

Inventory:

Hand Weapons
 a - a +0 hand axe (weapon)
Armour
 b - a +0 leather armour (worn)
Wands
 g - a wand of digging (3)
Potions
 f - a potion of haste

Dungeon Overview and Level Annotations

Branches:
Dungeon (5/15)
 Temple: D:4-7

Altars:


Message History

The adder is moderately wounded.
You hit the giant cockroach. The adder misses you.
The giant cockroach closely misses you. The adder closely misses you.
You barely miss the giant cockroach.
The giant cockroach is severely wounded.
You barely miss the adder. The giant cockroach barely misses you.
The adder barely misses you. The giant cockroach bites you.
The adder misses you.
You hit the giant cockroach.
You kill the giant cockroach!
You closely miss the adder. The adder bites you but does no damage.
You have reached level 2!
You hit the adder.
The adder is almost dead.
The adder closely misses you.
The kobold throws a stone.
The stone completely misses you. The adder bites you.
You hit the adder.
You kill the adder!
You barely miss the hobgoblin. The hobgoblin closely misses you.
The hobgoblin hits you but does no damage.
A worm comes into view.
You hit the hobgoblin.
The hobgoblin is moderately wounded.
You hit the kobold.
You kill the kobold!
The hobgoblin hits you.
You hit the hobgoblin.
You kill the hobgoblin!
You hit the worm but do no damage. The worm closely misses you.
You slash the worm!
The worm is moderately wounded.
You completely miss the worm.
The worm is moderately wounded.
The worm bites you!
Ouch! That really hurt!
You die...

.............#
#............#
.............#
#............#
#............#
#............#
#......%.....##
.......@.......
#######w#######
... !....
......#
........
........##
..........


You could see a worm.

Vanquished Creatures
  An adder (D:2)
  2 endoplasms (D:3)
  A giant cockroach (D:2)
  A goblin (D:3)
  A hobgoblin (D:2)
  A jackal (D:3)
  A kobold (D:2)
8 creatures vanquished.

Notes
Turn   | Place    | Note
-------+----------+-------------------------------------------
     0 | D:5      | qw the Gargoyle Delver began the quest for the Orb.
     0 | D:5      | Reached XP level 1. HP: 14/14 MP: 1/1
     0 | D:5      | 0 ||| qw: Version: 0.1-a-116-g5d60599
     0 | D:5      | 0 ||| qw: Game counter: 8620
     0 | D:5      | 0 ||| qw: Always use a shield: true
     0 | D:5      | 0 ||| qw: God list: Okawaru
     0 | D:5      | 0 ||| qw: Allow faded altars: false
     0 | D:5      | 0 ||| qw: Do Orc after D:15 true
     0 | D:5      | 0 ||| qw: Do second Lair branch before Depths: true
     0 | D:5      | 0 ||| qw: Lair rune preference: random
     0 | D:5      | 0 ||| qw: Plans: Normal
     0 | D:5      | 0 ||| PLANNING D:1-11
     0 | D:5      | 0 ||| DROPPING scroll of fog.
     1 | D:5      | 1 ||| DROPPING scroll of magic mapping.
     2 | D:5      | 2 ||| DROPPING scroll of fear.
   134 | D:3      | 134 ||| DROPPING orb of guile.
   153 | D:3      | 153 ||| FLEEEEING.
   154 | D:3      | 154 ||| FLEEEEING.
   155 | D:3      | 155 ||| STAIRDANCE
   161 | D:2      | Reached XP level 2. HP: 8/19 MP: 2/2
   175 | D:2      | Slain by a worm

Levels and vault maps discovered:
D:2:      layout_basic
D:3:      layout_basic, uniq_terence
D:4:      layout_cave_pools, nicolae_yredelemnul_corpse_copse,
          kennysheep_mini_moat, minmay_temple_entry_nine_rooms
D:5:      lemuel_castle_with_subvaults [lemuel_castle_interior_carwin_3],
          layout_cave_pools, grunt_qazlal_clouds, mainiacjoe_overflow_two_lobes,
          serial_shops, nicolae_shop_bloodbath_and_beyond, st_stairs_3,
          minmay_manual_mess

Skill      XL: |  1 |
---------------+----+-----
Axes           | 2 |  2.9
Fighting       | |  3.2
Dodging        | |  1.5
Stealth        | |  5.4

Action                   || total
-------------------------++-------
Melee: Hand axe          ||    26
Armor: Leather armour    ||    11
Dodge: Dodged            ||    23

Table legend:
 A = Non-vault XP
 B = Vault XP
 C = Vault XP percentage of total XP
 D = Non-vault monster count
 E = Vault monster count
 F = Vault count percentage of total count
                 A         B        C        D         E       F
            +---------+---------+-------+---------+---------+-------
      Total |      27 |       0 |   0.0 |       8 |       0 |   0.0
            +---------+---------+-------+---------+---------+-------
        D:2 |      19 |       0 |   0.0 |       4 |       0 |   0.0
        D:3 |       8 |       0 |   0.0 |       4 |       0 |   0.0
            +---------+---------+-------+---------+---------+-------
